 Dungeon Crawl Stone Soup version 0.20.0-3-g22ec75f (webtiles) character file.

3406 Peloso the Carver (level 9, 0/79 HPs)
             Began as a Minotaur Fighter on May 27, 2017.
             Was an Initiate of Okawaru.
             Succumbed to a killer bee's poison
             ... on level 7 of the Dungeon.
             The game lasted 00:15:22 (6077 turns).

Peloso the Carver (Minotaur Fighter)                Turns: 6077, Time: 00:15:23

Health: 0/79       AC: 12    Str: 22    XL:     9   Next: 75%
Magic:  0/8        EV:  8    Int:  5    God:    Okawaru [......]
Gold:   251        SH: 13    Dex: 12    Spells: 8/8 levels left

rFire    + . .     SeeInvis .   a - +0 long sword
rCold    x . .     Gourm    .   c - +1 shield
rNeg     . . .     Faith    .   D - +0 chain mail
rPois    +         Spirit   +   (helmet restricted)
rElec    .         Reflect  .   p - scarf {Spirit}
rCorr    .         Harm     .   G - +0 pair of gloves
MR       .....                  (no boots)
Stlth    ..........             (no amulet)
Regen    0.3/turn               s - ring of fire
MPRegen  0.2/turn               B - ring of poison resistance

@: lethally poisoned (0 -> -3)
A: retaliatory headbutt, horns 2
a: Renounce Religion


You were on level 7 of the Dungeon.
You worshipped Okawaru.
Okawaru was noncommittal.
You were very hungry.

You visited 2 branches of the dungeon, and saw 8 of its levels.

You collected 251 gold pieces.

Inventory:

Hand Weapons
 a - a +0 long sword (weapon)
 C - a +0 whip of flaming
Armour
 c - a +1 shield (worn)
 p - a scarf of spirit shield (worn)
 D - a +0 chain mail (worn)
 G - a +0 pair of gloves (worn)
Jewellery
 e - an uncursed ring of resist corrosion
 s - a ring of fire (left hand)
 B - a ring of poison resistance (right hand)
Wands
 b - a wand of acid (10/15)
 o - a wand of acid (4/15)
 t - a wand of scattershot (4/9)
 u - a wand of paralysis (12/24)
 x - a wand of random effects (28/48)
 E - a wand of lightning (3/15)
Scrolls
 g - 2 scrolls of fear
 h - 3 scrolls of identify
 j - 4 scrolls of fog
 l - a scroll of enchant armour
 m - 4 scrolls of magic mapping
 n - 3 scrolls of teleportation {unknown}
 y - 7 scrolls of remove curse
 A - a scroll of enchant weapon {unknown}
Potions
 d - a potion of might
 i - a potion of agility
 k - a potion of resistance
 q - 2 potions of invisibility
 r - a potion of curing
 z - a potion of degeneration {unknown}
 F - a potion of haste
Comestibles
 f - 7 bread rations
 v - 3 royal jellies
 w - 2 meat rations


   Skills:
 + Level 7.0 Fighting
 + Level 9.7 Long Blades
 + Level 8.6 Armour
 + Level 3.2 Dodging
 + Level 1.1 Stealth
 + Level 9.2 Shields
 + Level 0.3 Evocations


You had 8 spell levels left.
You didn't know any spells.

Dungeon Overview and Level Annotations

Branches:
Dungeon (7/15)             Temple (1/1) D:4

Altars:
Cheibriados
Dithmenos
Elyvilon
Fedhas
Gozag
Hepliaklqana
Kikubaaqudgha
Makhleb
Nemelex Xobeh
Okawaru
Qazlal
Ru
Sif Muna
Trog
Uskayaw
Vehumet
Xom
Yredelemnul
Zin
The Shining One


Innate Abilities, Weirdness & Mutations

You reflexively headbutt those who attack you in melee.
You have a pair of horns on your head.


Message History

* * * LOW HITPOINT WARNING * * *
The killer bee barely misses you.
You closely miss the killer bee. Your headbutt misses the killer bee.
The killer bee is almost dead.
The killer bee stings you but does no damage.
The killer bee stings you.
* * * LOW HITPOINT WARNING * * *
Unknown command.
You miss the killer bee.
The killer bee is almost dead.
The killer bee stings you!
* * * LOW HITPOINT WARNING * * *
You are lethally poisoned!
The killer bee poisons you!
The killer bee stings you but does no damage.
You slash the killer bee!
You kill the killer bee!
Okawaru accepts your kill.
Your Fighting skill increases to level 7!
You die...

#.....# #.....# #...
##.....# #...# ## #......#
#...# ###. ##....o.# #...#
###... ##..?..oZ#
#...#####...##
####..#.....#
#...#.....###
....#####y######.#...#####
...##..oo[@.......##
#.##.#.####...#.##
##....#... #.###.# ..
#...#####.##. #.# .
#.............##.######.#
#...#####........#......#
### #.†.# #..###....# ###
..# #)))#
.........######.. ..#
##(## .###......[......


You could see a killer bee, an orc priest and an orc.

Vanquished Creatures
  Pikel (D:7)
  A troll (D:7)
  Grinder (D:3)
  A hippogriff (D:7)
  3 ice beasts
  2 ogres
  2 necrophages (D:7)
  A centaur (D:6)
  A crocodile (D:7)
  2 bullfrogs
  A big kobold (D:7)
  2 scorpions
  6 killer bees (D:7)
  4 crimson imps
  4 hounds
  2 jellies
  A centaur zombie (D:6)
  4 orc priests
  Jessica (D:3)
  2 iguanas
  An orc wizard (D:3)
  6 worker ants
  3 hound skeletons
  7 gnolls
  11 adders
  A shadow imp (D:7)
  An ooze (D:2)
  2 worms (D:4)
  A dart slug (D:2)
  4 leopard geckos
  16 orcs
  7 giant cockroaches
  4 goblins
  4 hobgoblins
  4 jackals (D:4)
  3 ball pythons
  12 bats
  4 frilled lizards
  12 kobolds
  A quokka skeleton (D:6)
  9 rats
155 creatures vanquished.

Notes
Turn   | Place    | Note
-------+----------+-------------------------------------------
     0 | D:1      | Peloso the Minotaur Fighter began the quest for the Orb.
     0 | D:1      | Reached XP level 1. HP: 19/19 MP: 0/0
   179 | D:1      | Reached XP level 2. HP: 27/27 MP: 1/1
   606 | D:2      | Reached XP level 3. HP: 15/33 MP: 2/2
   807 | D:2      | Found a snail-covered altar of Cheibriados.
   830 | D:2      | Found a white marble altar of Elyvilon.
   956 | D:2      | Reached XP level 4. HP: 36/40 MP: 3/3
  1077 | D:2      | Found a sacrificial altar of Ru.
  1168 | D:2      | Found a shadowy altar of Dithmenos.
  1767 | D:3      | Reached skill level 1 in Dodging
  1807 | D:3      | Reached XP level 5. HP: 30/46 MP: 2/4
  1983 | D:3      | Found a basalt altar of Yredelemnul.
  2125 | D:3      | Noticed Jessica
  2127 | D:3      | Killed Jessica
  2151 | D:3      | Noticed Grinder
  2176 | D:3      | Killed Grinder
  2176 | D:3      | Reached skill level 5 in Long Blades
  2176 | D:3      | Reached skill level 5 in Shields
  2176 | D:3      | Reached XP level 6. HP: 14/53 MP: 2/5
  2745 | D:4      | Found a staircase to the Ecumenical Temple.
  2751 | Temple   | Entered the Ecumenical Temple
  3032 | D:4      | Reached skill level 5 in Fighting
  3079 | D:4      | Reached skill level 5 in Armour
  3079 | D:4      | Reached XP level 7. HP: 58/61 MP: 6/6
  3105 | D:4      | Found a glowing golden altar of the Shining One.
  3301 | D:4      | Noticed a moth of wrath
  3304 | D:4      | Found a bloodstained altar of Trog.
  3554 | D:5      | Entered Level 5 of the Dungeon
  4240 | D:6      | Reached XP level 8. HP: 51/69 MP: 5/7
  5117 | D:7      | Noticed a hippogriff
  5128 | D:7      | Killed a hippogriff
  5161 | D:7      | Reached XP level 9. HP: 26/75 MP: 3/8
  5580 | D:7      | Noticed a troll
  5601 | D:7      | Killed a troll
  5606 | D:7      | Reached skill level 1 in Stealth
  5828 | D:7      | Found a deep blue altar of Sif Muna.
  5828 | D:7      | Found a radiant altar of Vehumet.
  5833 | D:7      | Found a hazy altar of Hepliaklqana.
  5835 | D:7      | Found an iron altar of Okawaru.
  5837 | D:7      | Found a faded altar of an unknown god.
  5841 | D:7      | Became a worshipper of Warmaster Okawaru
  5935 | D:7      | Noticed Pikel
  5945 | D:7      | Killed Pikel
  6076 | D:7      | HP: 1/78 [killer bee (7)]
  6077 | D:7      | Succumbed to a killer bee's poison

Skill      XL: |  1  2  3  4  5  6  7  8  9 |
---------------+----------------------------+-----
Shields        | 4 5 6 7 9 |  9.2
Fighting       | 4 5 6 7 |  7.0
Long Blades    | 3 4 5 6 7 8 9 |  9.7
Armour         | 4 5 6 7 8 |  8.6
Dodging        | 1 2 3 |  3.2
Stealth        | 1 |  1.1
Evocations     | |  0.3

Action                   |  1- 3 |  4- 6 |  7- 9 || total
-------------------------+-------+-------+-------++-------
Melee: Long sword        |    90 |   112 |   337 ||   539
       Headbutt          |    10 |    12 |    76 ||    98
Evoke: Wand              |       |       |     1 ||     1
  Use: Scroll            |       |       |    15 ||    15
       Potion            |       |       |     4 ||     4
  Eat: Chunk             |       |     6 |    10 ||    16
Armor: Scale mail        |    65 |    35 |     8 ||   108
       Chain mail        |       |       |   138 ||   138
Dodge: Dodged            |    35 |    37 |    97 ||   169
Block: Shield            |    56 |    53 |   197 ||   306
       Rpst.: Long sword |     7 |    12 |    33 ||    52
